 Dungeon Crawl Stone Soup version 0.28-a0-476-g0f06bd746f (webtiles) character file.

Game seed: 16148186914838445064

2842 Squid the Protected (level 9, -5/118 HPs)
             Began as a Minotaur Berserker on Sept 16, 2021.
             Was an Elder of Trog.
             Slain by Prince Ribbit (11 damage)
             ... on level 7 of the Dungeon.
             The game lasted 00:22:13 (11805 turns).

Squid the Protected (Minotaur Berserker)           Turns: 11805, Time: 00:22:14

Health: -5/118     AC: 15    Str: 25    XL:     9   Next: 46%
Magic:  8/8        EV:  8    Int:  4    God:    Trog [****..]
Gold:   279        SH:  5    Dex: 10    Spells: 8/8 levels left

rFire   x . .      SeeInvis .   l - +0 flail
rCold   . . .      Faith    .   (no shield)
rNeg    + + +      Spirit   .   f - +0 plate armour
rPois   .          Reflect  +   (helmet restricted)
rElec   .          Harm     .   (no cloak)
rCorr   +          Rampage  .   j - +0 pair of gloves
Will    +++++                   (no boots)
Stlth   ..........              b - amulet of reflection
HPRegen 1.29/turn               h - ring of willpower
MPRegen 0.11/turn               m - ring "Fahaon" {rF- rN+++ Will++ rCorr Stlth+}

@: berserking (expiring), strong-willed, regenerating, very quick
A: horns 2, retaliatory headbutt
a: Renounce Religion, Berserk, Trog's Hand, Brothers in Arms


You were on level 7 of the Dungeon.
You worshipped Trog.
Trog was greatly pleased with you.
You visited 2 branches of the dungeon, and saw 8 of its levels.
You also visited: Sewer.

You collected 382 gold pieces.
You spent 103 gold pieces at shops.

Inventory:

Hand Weapons
 l - a +0 flail (weapon)
Missiles
 g - 6 javelins (quivered)
Armour
 f - a +0 plate armour (worn)
 j - a +0 pair of gloves (worn)
Jewellery
 b - an amulet of reflection (around neck)
 h - a ring of willpower (left hand)
 m - the ring "Fahaon" (right hand) {rF- rN+++ Will++ rCorr Stlth+}
   (You found it in a sewer)

   [ring of resist corrosion]

   rF:        It makes you vulnerable to fire.
   rN:        It renders you almost immune to negative energy.
   rCorr:     It protects you from acid and corrosion.
   Will:      It greatly increases your willpower.
   Stlth:     It makes you more stealthy.
Wands
 r - a wand of charming (7)
Scrolls
 c - a scroll of identify
 k - 2 scrolls of teleportation
 o - a scroll of enchant weapon
 s - 2 scrolls of magic mapping
 v - a scroll of immolation
Potions
 a - a potion of curing
 d - 2 potions of attraction
 e - a potion of invisibility
 i - a potion of ambrosia
 n - 2 potions of heal wounds
 p - 4 potions of mutation
 q - a potion of haste
 t - a potion of cancellation


   Skills:
 + Level 7.0 Fighting
 + Level 9.6 Maces & Flails
 + Level 4.1 Throwing
 + Level 9.8 Armour
 - Level 2.3 Dodging
 - Level 2.1 Evocations


You had 8 spell levels left.
You didn't know any spells.
Your spell library was empty.

Dungeon Overview and Level Annotations

Branches:
Dungeon (7/15)             Temple (1/1) D:5           Sewer (visited)

Altars:
Ashenzari
Dithmenos
Elyvilon
Fedhas
Gozag
Hepliaklqana
Kikubaaqudgha
Makhleb
Nemelex Xobeh
Okawaru
Qazlal
Ru
Sif Muna
Trog
Uskayaw
Vehumet
Xom
Yredelemnul
Zin
The Shining One

Shops:
D:2 [

Annotations:
D:7 Prince Ribbit


Innate Abilities, Weirdness & Mutations

You have a pair of horns on your head.
You reflexively headbutt those who attack you in melee.


Message History

Prince Ribbit hits you! Prince Ribbit hits you.
You miss Prince Ribbit. Your headbutt misses Prince Ribbit.
Prince Ribbit hits you!
* * * LOW HITPOINT WARNING * * *
You completely miss Prince Ribbit. Prince Ribbit closely misses you.
You barely miss Prince Ribbit.
Prince Ribbit hops awkwardly around.
You block Prince Ribbit's attack.
Prince Ribbit hits you but does no damage.
You closely miss Prince Ribbit. Your headbutt misses Prince Ribbit.
Prince Ribbit hits you.
* * * LOW HITPOINT WARNING * * *
Your skin crawls.
You feel strong-willed. Prince Ribbit hits you!
* * * LOW HITPOINT WARNING * * *
A red film seems to cover your vision as you go berserk!
You feel yourself moving faster!
You feel mighty!
Prince Ribbit blinks!
You are too berserk!
You feel a strong urge to attack something.
Prince Ribbit hits you.
* * * LOW HITPOINT WARNING * * *
You block Prince Ribbit's attack.
You miss Prince Ribbit. You headbutt Prince Ribbit!
Prince Ribbit is moderately wounded.
Prince Ribbit hits you.
* * * LOW HITPOINT WARNING * * *
You closely miss Prince Ribbit.
Prince Ribbit is moderately wounded.
You barely miss Prince Ribbit.
Prince Ribbit is moderately wounded.
You block Prince Ribbit's attack.
Your plate armour prevents you from hitting Prince Ribbit.
Your headbutt misses Prince Ribbit.
Prince Ribbit is moderately wounded.
You block Prince Ribbit's attack.
You sock Prince Ribbit! You headbutt Prince Ribbit.
Prince Ribbit is severely wounded.
Prince Ribbit hits you!
You die...

#.#.......#
#....##+#........#
##........<.......#
§........#.#.....#
#.......+.)..# #
#.......#†)###.###
#.......+..#......
#.F..$..#....#.#
#.@....())#....##
#.......)...)...+
#........##....##
#....(....##.#[#
#.........# .#.#
#............# #
#.............
#............
........#...


You could see Prince Ribbit.

Vanquished Creatures
  The ghost of RandomusNamus the Carver, a novice MiGl of Okawaru (D:6)
  Grinder (Sewer)
  A naga (D:5)
  An acid dragon (D:6)
  A water moccasin (D:6)
  3 black bears
  3 necrophages
  4 ogres
  A phantom (D:5)
  A scorpion (D:5)
  A gnoll sergeant (D:4)
  2 wights (Sewer)
  2 bullfrog zombies (D:5)
  A hound (D:4)
  An orc priest (D:6)
  A centaur skeleton (D:6)
  A bullfrog skeleton (D:5)
  An iguana (D:6)
  Ijyb (D:5)
  6 orc wizards
  Natasha (twice) (D:2)
  A hound skeleton (D:5)
  4 adders
  4 gnolls (D:4)
  5 river rats (D:5)
  6 shadow imps (Sewer)
  6 ufetubi
  An adder zombie (D:5)
  6 worms
  3 dart slugs
  19 orcs
  7 ball pythons
  A bat zombie (Sewer)
  7 endoplasms
  4 giant cockroaches
  5 goblins
  3 hobgoblins
  2 jackals (D:4)
  21 kobolds
  3 quokkas
  4 bats
  2 frilled lizards (D:2)
  2 kobold zombies (Sewer)
  9 rats
  A bush (D:2)
162 creatures vanquished.

Vanquished Creatures (collateral kills)
  An orc (D:5)
1 creature vanquished.

Grand Total: 163 creatures vanquished

Notes
Turn   | Place    | Note
-------+----------+-------------------------------------------
     0 | D:1      | Squid the Minotaur Berserker began the quest for the Orb.
     0 | D:1      | Reached XP level 1. HP: 19/19 MP: 0/0
   449 | D:1      | Reached XP level 2. HP: 24/27 MP: 1/1
   872 | D:1      | Found a faded altar of an unknown god.
  1008 | D:2      | Found Royd's Antique Armour Emporium.
  1035 | D:2      | Reached XP level 3. HP: 33/33 MP: 2/2
  1299 | D:2      | Reached ** piety under Trog
  1436 | D:2      | Noticed Natasha
  1441 | D:2      | Killed Natasha
  1442 | D:2      | Reached XP level 4. HP: 41/41 MP: 3/3
  1615 | D:2      | Noticed Natasha
  1638 | D:2      | Reached skill level 1 in Throwing
  1649 | D:2      | Bought a pair of gloves for 103 gold pieces
  1934 | D:2      | Killed Natasha
  2090 | D:3      | Found a shimmering blue altar of Sif Muna.
  2108 | D:3      | Reached XP level 5. HP: 44/47 MP: 4/4
  2324 | D:4      | Reached skill level 5 in Maces & Flails
  2330 | D:4      | Reached XP level 6. HP: 38/55 MP: 5/5
  2333 | D:4      | Reached skill level 5 in Fighting
  2506 | D:4      | Found a bloodstained altar of Trog.
  2971 | D:4      | Found a shimmering altar of Xom.
  2972 | D:4      | Found a burning altar of Makhleb.
  2974 | D:4      | Found a sparkling altar of Nemelex Xobeh.
  3098 | D:5      | Entered Level 5 of the Dungeon
  3157 | D:5      | Reached *** piety under Trog
  3212 | D:5      | Reached XP level 7. HP: 52/61 MP: 6/6
  3224 | D:5      | Found a glowing drain.
  3230 | Sewer    | Entered a sewer
  3389 | Sewer    | Found an ancient bone altar of Kikubaaqudgha.
  3455 | Sewer    | Reached skill level 5 in Armour
  3486 | Sewer    | Noticed Grinder
  3496 | Sewer    | Killed Grinder
  3504 | Sewer    | Identified the ring "Fahaon" {rF- rN+++ Will++ rCorr
                  | Stlth+}
  4099 | D:5      | Noticed Ijyb
  4105 | D:5      | Killed Ijyb
  4105 | D:5      | Reached **** piety under Trog
  4106 | D:5      | Reached skill level 1 in Evocations
  4106 | D:5      | Reached XP level 8. HP: 68/70 MP: 7/7
  4521 | D:5      | Found a staircase to the Ecumenical Temple.
  4687 | Temple   | Entered the Ecumenical Temple
  9523 | D:5      | Found an iron altar of Okawaru.
  9532 | D:5      | Found a basalt altar of Yredelemnul.
 10854 | D:6      | Found a runed translucent door.
 10854 | D:6      | Noticed RandomusNamus's ghost (novice MiGl)
 11046 | D:6      | Reached XP level 9. HP: 54/57 MP: 8/8
 11442 | D:6      | Found a glowing golden altar of the Shining One.
 11442 | D:6      | Found a glowing silver altar of Zin.
 11442 | D:6      | Found a white marble altar of Elyvilon.
 11574 | D:6      | Killed RandomusNamus's ghost
 11752 | D:7      | Noticed Prince Ribbit
 11801 | D:7      | HP: 3/118 [Prince Ribbit (6)]
 11805 | D:7      | Slain by Prince Ribbit

Illustrated notes

Levels and vault maps discovered:
D:1:      dpeg_arrival_solitude, layout_loops_ring,
          dreamdust_ecumenical_altar_statues, minmay_misc_feat_roman
D:2:      layout_loops_ring, serial_shops, shop_fountains,
          chequers_serial_rivers_small_b, minmay_hedge_maze, uniq_natasha
D:3:      layout_loops_ring, led_sif_book, grunt_decor_cap
D:4:      layout_loops_ring, minitemple
D:5:      layout_loops_ring, mainiacjoe_overflow_swirl,
          minmay_temple_entry_drinking_statues, lightli_sewer_entry_pipes,
          grunt_ministairs_6, uniq_ijyb
D:6:      layout_gridville, good_gods_mini_temple, ebering_ghost_inner_flame
D:7:      layout_basic, mainiacjoe_overflow_tiny_flanked, serial_bayou_ford_a,
          uniq_prince_ribbit1
Temple:   chequers_temple_sunken

Skill      XL: |  1  2  3  4  5  6  7  8  9 |
---------------+----------------------------+-----
Maces & Flails | 4 5 6 8 9 |  9.6
Fighting       | 4 5 6 7 |  7.0
Armour         | 3 4 5 8 9 |  9.8
Throwing       | 2 3 4 |  4.1
Evocations     | 1 2 |  2.1
Dodging        | |  2.3

Action                   |  1- 3 |  4- 6 |  7- 9 || total
-------------------------+-------+-------+-------++-------
Melee: Mace              |    42 |    95 |       ||   137
       Headbutt          |     6 |    46 |    41 ||    93
       Flail             |       |   111 |   250 ||   361
Throw: Javelin           |    37 |     6 |    19 ||    62
Invok: Berserk           |       |     2 |     5 ||     7
       Trog's Hand       |       |       |     5 ||     5
Evoke: Wand              |       |     3 |    30 ||    33
  Use: Scroll            |     6 |     7 |     3 ||    16
       Potion            |       |     1 |     8 ||     9
Armor: Animal skin       |     1 |       |       ||     1
       Plate armour      |    21 |    92 |   177 ||   290
       Skin              |       |       |    75 ||    75
Dodge: Dodged            |    21 |    50 |   100 ||   171
Block: Other             |     4 |    37 |    89 ||   130
       Reflection        |       |       |     2 ||     2

Table legend: (Time is in decaauts)
 A = Elapsed time spent in this place.
 B = Non-inter-level travel time spent in this place.
 C = Inter-level travel time spent in this place.
 D = Time resting spent in this place.
 E = Time spent auto-exploring this place.
 F = Levels seen in this place.
 G = Mean time per level.
                   A        B        C        D        E       F      G
               +--------+--------+--------+--------+--------+-----+--------+
         Total |  12031 |  11898 |    133 |   5861 |   4009 |   9 | 1336.8 |
       Dungeon |   6478 |   6345 |    133 |    990 |   3746 |   7 |  925.4 |
        Temple |   4803 |   4803 |      0 |   4511 |    209 |   1 | 4803.0 |
         Sewer |    748 |    748 |      0 |    360 |     54 |   1 |  748.0 |
               +--------+--------+--------+--------+--------+-----+--------+

Top non-repeatable levels by time:
  Temple: 4803 daAuts
     D:5: 1948 daAuts
     D:6: 1296 daAuts
     D:2: 1019 daAuts
     D:4: 995 daAuts
     D:1: 972 daAuts
   Sewer: 748 daAuts
     D:3: 187 daAuts
     D:7: 59 daAuts
